 Dungeon Crawl Stone Soup version 0.25.1-9-gc5326a611f (webtiles) character file.

Game seed: 84393847082649491

187566 Gauvater the Markscentaur (level 17, -1/161 HPs)
             Began as a Centaur Hunter on Jan 3, 2021.
             Was the Champion of Okawaru.
             Slain by the 27-headed Lernaean hydra (11 damage)
             ... on level 4 of the Swamp on Jan 4, 2021.
             The game lasted 05:34:49 (50052 turns).

Gauvater the Markscentaur (Centaur Hunter)         Turns: 50052, Time: 05:34:50

Health: -1/161     AC: 20    Str: 24    XL:     17   Next: 88%
Magic:  27/27      EV: 10    Int: 13    God:    Okawaru [******]
Gold:   518        SH:  0    Dex: 10    Spells: 18/19 levels left

rFire    + . .     SeeInvis +   y - +6 war axe of Beseh {freeze, rPois rC- Str+2 Stlth+}
rCold    . . .     Gourm    .   (no shield)
rNeg     + + +     Faith    +   J - +1 ring mail of Integrity {+Inv rPois}
rPois    +         Spirit   .   k - +2 helmet {SInv}
rElec    .         Reflect  .   Z - scarf {rC+ rF+}
rCorr    .         Harm     .   W - +0 pair of gloves
MR       ++...                  q - +3 centaur barding
Stlth    +.........             G - amulet of faith
HPRegen  0.36/turn              a - ring of Sin {rPois rC- rN+++ MR+ Int+3}
MPRegen  0.20/turn              Q - ring of Entrepreneurial Spirit {+Fly rC+ rN+}

@: very quick
A: large, hooves 3, deformed body, speed 2, tough skin 3
a: Heroism, Finesse, Renounce Religion, Evoke Invisibility, Evoke Flight


You were on level 4 of the Swamp.
You worshipped Okawaru.
Okawaru was exalted by your worship.
You were not hungry.

You visited 6 branches of the dungeon, and saw 31 of its levels.

You collected 2777 gold pieces.
You spent 2259 gold pieces at shops.

Inventory:

Hand Weapons
 y - the +6 war axe of Beseh (weapon) {freeze, rPois rC- Str+2 Stlth+}
   (You found it on level 5 of the Lair of Beasts)

   It has been specially enchanted to freeze those struck by it, causing extra
   injury to most foes and up to half again as much damage against particularly
   susceptible opponents.
   It can also slow down cold-blooded creatures.
   It affects your strength (+2).
   It makes you vulnerable to cold.
   It protects you from poison.
   It makes you more stealthy.
 Y - the +8 storm bow {elec, penet}
   (Okawaru gifted it to you on level 1 of the Elven Halls)

   It charges the ammunition it shoots with electricity; occasionally upon a
   hit, such missiles may discharge and cause terrible harm.
   Ammo fired by it will pass through the targets it hits, potentially hitting
   all targets in its path until it reaches maximum range.
Missiles
 d - 704 arrows
 p - 10 boomerangs
 w - 5 atropa-tipped darts
 C - 4 silver boomerangs
 E - 79 poisoned darts
 M - 2 boomerangs of dispersal
 R - 7 datura-tipped darts (quivered)
 U - 8 curare-tipped darts
 V - 7 silver javelins
 X - 60 bolts
Armour
 k - a +2 helmet of see invisible (worn)
 q - a +3 centaur barding (worn)
 J - the +1 ring mail of Integrity (worn) {+Inv rPois}
   (You found it on level 7 of the Dungeon)

   It protects you from poison.
   It lets you turn invisible.
 W - a +0 pair of gloves (worn)
 Z - a scarf of resistance (worn)
Jewellery
 a - the ring of Sin (left hand) {rPois rC- rN+++ MR+ Int+3}
   (You found it on level 1 of the Swamp)

   [ring of protection from magic]

   It affects your intelligence (+3).
   It makes you vulnerable to cold.
   It protects you from poison.
   It renders you almost immune to negative energy.
   It affects your resistance to hostile enchantments.
 b - an uncursed ring of positive energy
 G - an amulet of faith (around neck)
 N - the ring of the Solstice {rPois rN+++ EV+4 Str+3 Dex-3}
   (You bought it in a shop on level 2 of the Orcish Mines)

   [ring of evasion]

   It affects your evasion (+4).
   It affects your strength (+3).
   It affects your dexterity (-3).
   It protects you from poison.
   It renders you almost immune to negative energy.
 Q - the ring of Entrepreneurial Spirit (right hand) {+Fly rC+ rN+}
   (You found it on level 1 of the Elven Halls)

   [ring of flight]

   It protects you from cold.
   It protects you from negative energy.
   It lets you fly.
Wands
 g - a wand of polymorph (17)
 i - a wand of acid (27)
 r - a wand of clouds (4)
 x - a wand of disintegration (20)
 z - a wand of iceblast (31)
 O - a wand of paralysis (22)
Scrolls
 j - 3 scrolls of summoning
 m - a scroll of magic mapping
 o - 5 scrolls of identify
 s - 8 scrolls of remove curse
 t - a scroll of teleportation
 F - 2 scrolls of immolation
 L - 4 scrolls of fog
 T - 4 scrolls of fear
Potions
 c - 3 potions of haste
 h - 18 potions of curing
 l - 9 potions of might
 n - a potion of resistance
 u - 3 potions of heal wounds
 v - 2 potions of invisibility
 D - 2 potions of berserk rage
 I - a potion of flight
 S - a potion of lignification
Miscellaneous
 A - a lightning rod (4/4)
Comestibles
 f - 71 rations


   Skills:
 * Level 17.0 Fighting
   Level 3.3(3.5) Short Blades
   Level 1.4(2.5) Long Blades
 * Level 4.8 Axes
   Level 0.3(3.0) Polearms
 - Level 20.0 Bows
   Level 0.7 Crossbows
 - Level 3.4 Throwing
 * Level 6.0 Armour
 * Level 8.4 Dodging
 - Level 0.4 Stealth
 * Level 1.8 Spellcasting
 * Level 1.2 Translocations
 * Level 13.5 Invocations
 - Level 10.9 Evocations


You had 18 spell levels left.
You knew the following spells:

 Your Spells              Type           Power        Failure   Level  Hunger
a - Apportation           Tloc           #.....       22%         1    ##.....

Your spell library contained the following spells:

 Spells                   Type           Power        Failure   Level  Hunger
 Animate Skeleton         Necr           N/A          36%         1    ##.....
 Corona                   Hex            #......      36%         1    ##.....
 Infusion                 Chrm           #...         36%         1    ##.....
 Sandblast                Erth           #.....       36%         1    ##.....
 Shock                    Conj/Air       #...         36%         1    ##.....
 Summon Small Mammal      Summ           #...         36%         1    ##.....
 Shroud of Golubria       Chrm/Tloc      #.....       41%         2    ###....
 Passwall                 Tmut/Erth      #.......     50%         2    ###....
 Song of Slaying          Chrm           #.......     50%         2    ###....
 Swiftness                Chrm/Air       #.......     50%         2    ###....
 Ozocubu's Armour         Chrm/Ice       #.......     75%         3    ####...
 Spectral Weapon          Hex/Chrm       #.......     75%         3    ####...
 Static Discharge         Conj/Air       #.......     75%         3    ####...
 Stone Arrow              Conj/Erth      #.....       75%         3    ####...
 Airstrike                Air            #.........   98%         4    #####..
 Petrify                  Tmut/Erth      #.......     98%         4    #####..
 Lee's Rapid Deconstruct  Erth           #.........   100%        5    ######.
 Lightning Bolt           Conj/Air       #.........   100%        5    ######.
 Ignition                 Fire           #.........   100%        8    #######
 Shatter                  Erth           #.........   100%        9    #######
 Tornado                  Air            #.........   100%        9    #######


Dungeon Overview and Level Annotations

Branches:
Dungeon (15/15)            Temple (1/1) D:4            Lair (6/6) D:8
  Swamp (4/4) Lair:2        Snake (0/4) Lair:3        Slime (0/5) Lair:6
    Orc (2/2) D:12            Elf (3/3) Orc:2        Vaults (0/5) D:13
 Depths (0/5) D:15

Altars:
Ashenzari
Cheibriados
Dithmenos
Elyvilon
Fedhas
Gozag
Hepliaklqana
Kikubaaqudgha
Makhleb
Nemelex Xobeh
Okawaru
Qazlal
Ru
Sif Muna
Trog
Uskayaw
Vehumet
Wu Jian
Xom
Yredelemnul
Zin
The Shining One
Beogh
Jiyva

Shops:
D:2 *   D:10 %=   Orc:2 }=}:   Elf:2 %

Annotations:
D:2 1 runed translucent door, Crazy Yiuf
Lair:6 1 runed translucent door
Swamp:4 Lernaean hydra


Innate Abilities, Weirdness & Mutations

You have hooves in place of feet.
Armour fits poorly on your strangely shaped body.
You cover ground very quickly.
You have extremely tough skin. (AC +3)


Message History

* * * LOW HITPOINT WARNING * * *
The 27-headed Lernaean hydra bites you.
* * * LOW HITPOINT WARNING * * *
The 27-headed Lernaean hydra bites you.
* * * LOW HITPOINT WARNING * * *
The 27-headed Lernaean hydra barely misses you.
The 27-headed Lernaean hydra bites you but does no damage. x2
The 27-headed Lernaean hydra barely misses you.
The 27-headed Lernaean hydra bites you but does no damage.
The 27-headed Lernaean hydra bites you!
* * * LOW HITPOINT WARNING * * *
The 27-headed Lernaean hydra bites you but does no damage.
The 27-headed Lernaean hydra bites you.
* * * LOW HITPOINT WARNING * * *
The 27-headed Lernaean hydra bites you!
* * * LOW HITPOINT WARNING * * *
The 27-headed Lernaean hydra closely misses you.
The 27-headed Lernaean hydra bites you but does no damage. x2
The 27-headed Lernaean hydra bites you!
You die...

..≈♣♣≈≈≈≈≈.....≈≈....♣♣♣≈....♣♣♣
≈.≈♣.≈≈≈≈....♣...♣♣...♣≈†♣♣♣≈♣≈**
≈..≈≈≈≈≈.♣♣≈..≈≈≈..≈≈≈...§≈≈≈§≈.*
≈≈≈≈≈≈≈...♣♣♣.≈.≈≈≈≈.≈≈≈.≈≈≈≈≈.♣*
†≈≈≈≈≈≈≈≈≈.♣♣♣♣.≈≈≈≈≈≈≈≈.≈≈≈≈.♣♣
..≈.≈≈.≈≈≈≈♣♣♣♣.≈≈≈≈≈≈≈..≈..♣♣♣
≈♣♣♣♣..≈≈≈≈♣≈≈≈≈≈≈≈≈..≈♣♣♣♣♣♣ ♣♣
♣.≈≈≈≈≈♣≈≈≈≈≈D≈.♣♣♣♣ ♣
♣≈...≈≈♣≈[≈≈@.≈♣♣
*♣♣♣♣♣♣.....♣♣♣♣§..♣
♣..≈≈.<≈.≈≈≈.♣♣♣♣≈♣♣
♣.≈≈♣..≈≈≈≈≈≈.♣ ♣♣♣
♣≈≈,♣♣≈≈.≈≈≈≈♣♣ *≈,≈*♣≈.♣♣♣♣♣♣
≈,**♣.≈.♣ ,,,,♣.≈≈♣ ,,≈≈♣...♣***


You could see the 27-headed Lernaean hydra.

Vanquished Creatures
  2 deep elf master archers (Elf:3)
  2 thorn hunters (Swamp:2)
  Frances (D:14)
  Kirke (Swamp:3)
  4 deep elf sorcerers
  2 entropy weavers (Lair:5)
  A dire elephant (D:15)
  2 deep elf annihilators (Elf:3)
  A fire dragon (Lair:6)
  A deep elf high priest (Elf:1)
  A shambling mangrove (Swamp:3)
  19 hydras
  A ghost crab (Swamp:4)
  2 centaur warriors
  5 two-headed ogres
  A tengu warrior (D:13)
  10 alligators
  25 dancing weapons
  A queen ant (Lair:5)
  An orc high priest (Elf:1)
  12 deep elf knights
  4 spriggans
  2 unseen horrors (D:13)
  5 skeletal warriors
  A spriggan druid (Swamp:3)
  13 swamp dragons
  3 deep elf archers
  An orc knight (D:15)
  A wizard (D:15)
  A wolf spider (D:15)
  A necromancer (D:13)
  13 ugly things
  3 oklob plants (Lair:3)
  9 orc sorcerers (Orc:2)
  3 manticores
  2 centaur zombies
  5 cyclopes
  45 deep elf magi
  A salamander (shapeshifter) (D:14)
  4 elephants
  4 black mambas
  A water nymph (shapeshifter) (Elf:2)
  2 gargoyles (D:14)
  A torpor snail (Lair:3)
  A rime drake (Lair:6)
  21 spiny frogs
  5 komodo dragons
  2 kobold demonologists (D:13)
  2 tengu conjurers
  A queen bee (Lair:2)
  14 polar bears
  7 tyrant leeches
  7 trolls
  A wolf spider simulacrum (D:13)
  12 slime creatures
  6 hornets
  4 raiju (Lair:6)
  6 bog bodies
  21 blink frogs
  22 dream sheep
  9 hippogriffs
  A centaur simulacrum (D:14)
  An air elemental (Elf:2)
  7 shadows
  58 yaks
  5 water elementals
  2 wraiths
  A wyvern (D:8)
  5 fire elementals
  5 hogs (Swamp:3)
  3 hungry ghosts
  Eustachio (D:5)
  4 steam dragons (Lair:6)
  9 basilisks
  20 vampire mosquitoes
  14 wargs
  Edmund (D:5)
  4 insubstantial wisps (Swamp:3)
  23 swamp worms
  4 nagas (Lair:3)
  16 soldier ants
  14 water moccasins
  An acid dragon (Lair:6)
  13 hell hounds (Lair:6)
  9 porcupines
  14 orc warriors
  3 ice beasts
  A hornet zombie (D:14)
  14 swamp drakes
  7 sky beasts
  11 black bears (Lair:6)
  8 ogres
  6 phantoms
  36 wolves
  A necrophage (D:10)
  4 boggarts (Lair:4)
  15 centaurs
  15 crocodiles
  3 big kobolds
  13 bullfrogs
  A wyvern zombie (D:14)
  2 earth elementals
  2 wyvern skeletons
  4 scorpions
  33 killer bees
  5 wights (D:10)
  2 howler monkeys
  An electric eel (Lair:6)
  A crimson imp (D:13)
  2 bullfrog zombies
  A quasit (D:11)
  4 hounds
  A jelly (D:9)
  7 orc priests
  2 bullfrog skeletons
  42 orc wizards
  7 iguanas
  7 centaur skeletons
  3 gnoll shamans
  Ijyb (D:5)
  Natasha (thrice) (D:2)
  27 worker ants
  A worker ant zombie (D:11)
  A howler monkey skeleton (D:5)
  19 gnolls
  8 adders
  5 shadow imps
  2 oozes
  4 adder skeletons
  A worm (D:3)
  2 dart slugs (D:1)
  5 leopard geckos
  99 orcs
  5 bats
  6 giant cockroaches
  10 goblins
  9 hobgoblins
  12 jackals
  6 quokkas
  A ball python (D:3)
  3 frilled lizards
  A jackal skeleton (D:7)
  18 kobolds
  A leopard gecko zombie (D:8)
  7 rats
  2 plants (Lair:3)
1119 creatures vanquished.

Vanquished Creatures (others)
  A deep elf knight (Elf:1)
  A wizard (D:15)
  An orc wizard (Orc:2)
  5 fungi
  23 plants
31 creatures vanquished.

Grand Total: 1150 creatures vanquished

Notes
Turn   | Place    | Note
-------+----------+-------------------------------------------
     0 | D:1      | Gauvater the Centaur Hunter began the quest for the Orb.
     0 | D:1      | Reached XP level 1. HP: 17/17 MP: 1/1
   222 | D:1      | Reached XP level 2. HP: 13/24 MP: 2/2
   741 | D:1      | Reached skill level 6 in Bows
   826 | D:1      | Reached XP level 3. HP: 26/29 MP: 3/3
  1038 | D:1      | Reached skill level 1 in Short Blades
  1422 | D:2      | Noticed Natasha
  1456 | D:2      | Reached XP level 4. HP: 37/37 MP: 4/4
  1494 | D:2      | Killed Natasha
  1494 | D:2      | Reached skill level 1 in Throwing
  1494 | D:2      | Reached skill level 1 in Armour
  1619 | D:2      | Noticed Natasha
  1694 | D:2      | Killed Natasha
  1694 | D:2      | Reached XP level 5. HP: 27/42 MP: 5/5
  2002 | D:2      | Found a runed translucent door.
  2003 | D:2      | Noticed Crazy Yiuf
  2181 | D:2      | Found Gozag's Platinum Reserve.
  2186 | D:2      | Found an opulent altar of Gozag.
  2187 | D:2      | Noticed Natasha
  2199 | D:2      | Killed Natasha
  3212 | D:3      | Reached skill level 7 in Bows
  3301 | D:3      | Reached XP level 6. HP: 27/51 MP: 6/6
  3980 | D:4      | Noticed an ice beast
  3997 | D:3      | Killed an ice beast
  4741 | D:4      | Reached XP level 7. HP: 57/57 MP: 7/7
  4793 | D:4      | Found a sparkling altar of Nemelex Xobeh.
  5041 | D:4      | Reached skill level 8 in Bows
  5630 | D:4      | Found a staircase to the Ecumenical Temple.
  5639 | Temple   | Entered the Ecumenical Temple
  5919 | Temple   | Became a worshipper of Warmaster Okawaru
  6009 | D:5      | Entered Level 5 of the Dungeon
  6042 | D:5      | Noticed Eustachio
  6208 | D:5      | Noticed Edmund
  6421 | D:5      | Killed Edmund
  6439 | D:5      | Noticed Ijyb
  6598 | D:5      | Killed Eustachio
  6598 | D:5      | Reached skill level 9 in Bows
  6598 | D:5      | Reached skill level 1 in Invocations
  6598 | D:5      | Reached XP level 8. HP: 67/67 MP: 7/9
  6632 | D:5      | Found a blossoming altar of Fedhas.
  6742 | D:5      | Killed Ijyb
  6742 | D:5      | Reached * piety under Okawaru
  6972 | D:5      | Reached skill level 5 in Fighting
  7069 | D:5      | Got a heavily runed ivory ring
  7070 | D:5      | Identified the ring "Liun" {*Tele rC+ Str+2} (You found it
                  | on level 5 of the Dungeon)
  7330 | D:6      | Reached skill level 10 in Bows
  7458 | D:6      | Reached ** piety under Okawaru
  7992 | D:7      | Got a translucent ring mail
  8007 | D:7      | Identified the +1 ring mail of Integrity {+Inv rPois} (You
                  | found it on level 7 of the Dungeon)
  8021 | D:7      | Noticed a hippogriff
  8028 | D:7      | Killed a hippogriff
  8028 | D:7      | Reached XP level 9. HP: 61/74 MP: 11/11
  8339 | D:7      | Reached skill level 11 in Bows
  9305 | D:8      | Noticed an elephant
  9338 | D:8      | Reached *** piety under Okawaru
  9390 | D:8      | Found a staircase to the Lair.
  9680 | D:8      | You fall into a shaft and drop 1 floor!
  9731 | D:9      | Received a gift from Okawaru
  9858 | D:9      | Reached skill level 12 in Bows
 10683 | D:9      | You fall into a shaft and drop 1 floor!
 10683 | D:10     | Entered Level 10 of the Dungeon
 10732 | D:10     | Found Ysusy's Food Emporium.
 10772 | D:10     | Got a smouldering helmet
 10829 | D:10     | Reached skill level 1 in Evocations
 10842 | D:10     | Reached **** piety under Okawaru
 10849 | D:10     | Identified the cursed -2 helmet of the Slorg {MR+ rCorr
                  | Int-5} (You found it on level 10 of the Dungeon)
 10905 | D:10     | Reached XP level 10. HP: 86/86 MP: 10/13
 10924 | D:10     | Reached skill level 5 in Invocations
 10996 | D:10     | Found Ihieser's Jewellery Shop.
 11116 | D:10     | Received a gift from Okawaru
 11256 | D:10     | Reached skill level 13 in Bows
 11311 | D:10     | Found Piekk's Food Boutique.
 11781 | D:11     | Found a gate leading to a gauntlet.
 12109 | D:11     | Reached ***** piety under Okawaru
 12243 | D:11     | Noticed a brown ugly thing
 12295 | D:11     | Killed a brown ugly thing
 12295 | D:11     | Received a gift from Okawaru
 12340 | D:11     | Paralysed by a centaur for 3 turns
 12577 | D:11     | Noticed a two-headed ogre
 12595 | D:11     | Killed a two-headed ogre
 12595 | D:11     | Received a gift from Okawaru
 12595 | D:11     | Reached XP level 11. HP: 95/95 MP: 8/15
 12866 | D:11     | Received a gift from Okawaru
 12866 | D:11     | Reached skill level 14 in Bows
 13240 | D:12     | Received a gift from Okawaru
 13331 | D:12     | Found a staircase to the Orcish Mines.
 13701 | D:12     | Reached skill level 1 in Long Blades
 13725 | D:12     | Received a gift from Okawaru
 14128 | D:12     | Reached skill level 10 in Fighting
 14960 | D:8      | Received a gift from Okawaru
 15264 | D:8      | Found a shadowy altar of Dithmenos.
 15453 | D:8      | Noticed a two-headed ogre
 15460 | D:8      | Killed a two-headed ogre
 15460 | D:8      | Received a gift from Okawaru
 15460 | D:8      | Reached skill level 5 in Evocations
 15460 | D:8      | Reached XP level 12. HP: 108/108 MP: 17/17
 16530 | Lair:1   | Entered Level 1 of the Lair of Beasts
 17208 | Lair:1   | Reached skill level 15 in Bows
 18867 | Lair:2   | Received a gift from Okawaru
 18927 | Lair:2   | Received a gift from Okawaru
 19044 | Lair:2   | Found a staircase to the Swamp.
 20979 | Lair:3   | Received a gift from Okawaru
 21422 | Lair:3   | Noticed a four-headed hydra
 21442 | Lair:3   | Killed a four-headed hydra
 21442 | Lair:3   | Reached XP level 13. HP: 116/116 MP: 11/19
 21676 | Lair:3   | Received a gift from Okawaru
 21734 | Lair:3   | Reached skill level 5 in Dodging
 22436 | Lair:3   | Found a staircase to the Snake Pit.
 24478 | Lair:4   | Reached skill level 16 in Bows
 25243 | Lair:4   | Reached skill level 10 in Invocations
 25354 | Lair:4   | Received a gift from Okawaru
 25617 | Lair:5   | Noticed an entropy weaver
 25617 | Lair:5   | Noticed an entropy weaver
 25945 | D:10     | Bought a ration for 60 gold pieces
 25945 | D:10     | Bought a ration for 60 gold pieces
 25945 | D:10     | Bought a ration for 60 gold pieces
 25945 | D:10     | Bought a ration for 60 gold pieces
 25945 | D:10     | Bought a ration for 60 gold pieces
 25945 | D:10     | Bought a ration for 60 gold pieces
 25945 | D:10     | Bought a ration for 60 gold pieces
 25945 | D:10     | Bought a ration for 60 gold pieces
 25945 | D:10     | Bought a ration for 60 gold pieces
 25945 | D:10     | Bought a ration for 60 gold pieces
 25945 | D:10     | Bought a ration for 60 gold pieces
 25945 | D:10     | Bought a ration for 60 gold pieces
 26227 | Lair:5   | Killed an entropy weaver
 26227 | Lair:5   | Received a gift from Okawaru
 26315 | Lair:5   | Killed an entropy weaver
 26447 | Lair:5   | Received a gift from Okawaru
 26643 | Lair:5   | Got a smoking war axe
 26715 | Lair:5   | Identified the +6 war axe of Beseh {freeze, rPois rC- Str+2
                  | Stlth+} (You found it on level 5 of the Lair of Beasts)
 26910 | Lair:5   | Received a gift from Okawaru
 27085 | Lair:6   | Entered Level 6 of the Lair of Beasts
 27358 | Lair:5   | Received a gift from Okawaru
 27649 | Lair:5   | Reached XP level 14. HP: 88/127 MP: 21/21
 27653 | Lair:5   | Received a gift from Okawaru
 27950 | Lair:6   | Received a gift from Okawaru
 28083 | Lair:6   | Received a gift from Okawaru
 28236 | Lair:6   | Found a runed translucent door.
 28236 | Lair:6   | Found a viscous altar of Jiyva.
 28244 | Lair:6   | Noticed an acid blob
 28245 | Lair:6   | Found a staircase to the Slime Pits.
 28245 | Lair:6   | Noticed an acid blob
 29602 | Lair:6   | Reached skill level 17 in Bows
 30041 | Lair:6   | Received a gift from Okawaru
 30812 | Lair:6   | Received a gift from Okawaru
 32300 | D:13     | Received a gift from Okawaru
 32692 | D:13     | Found a gate to the Vaults.
 32860 | D:13     | Received a gift from Okawaru
 33255 | D:13     | Received a gift from Okawaru
 34182 | D:14     | Reached XP level 15. HP: 136/136 MP: 23/23
 34515 | D:14     | Reached ****** piety under Okawaru
 34578 | D:14     | Received a gift from Okawaru
 35230 | D:14     | Noticed Frances
 35276 | D:14     | Killed Frances
 35276 | D:14     | Received a gift from Okawaru
 35277 | D:14     | Got a slimy hat {god gift}
 35289 | D:14     | Identified the +0 hat of the Maze {*Slow +Fly Str+3 Dex+2}
                  | (Okawaru gifted it to you on level 14 of the Dungeon)
 35668 | D:15     | Entered Level 15 of the Dungeon
 36293 | D:15     | Found a staircase to the Depths.
 36987 | D:15     | Found a bloodstained altar of Trog.
 37295 | D:15     | Found a blossoming altar of Fedhas.
 37924 | Orc:1    | Entered Level 1 of the Orcish Mines
 38222 | Orc:2    | Entered Level 2 of the Orcish Mines
 38222 | Orc:2    | Found a radiant altar of Vehumet.
 38225 | Orc:2    | Reached skill level 18 in Bows
 38472 | Orc:2    | Found a staircase to the Elven Halls.
 38717 | Orc:2    | Found a roughly hewn altar of Beogh.
 39004 | Orc:2    | Found Ohibou's Book Boutique.
 39024 | Orc:2    | Found Seutaamuq's Gadget Shoppe.
 39051 | Orc:2    | Bought a wand of paralysis (8) for 110 gold pieces
 39051 | Orc:2    | Bought a wand of iceblast (9) for 143 gold pieces
 39199 | Orc:2    | Found Sihoriar's Jewellery Boutique.
 39213 | Orc:2    | Received a gift from Okawaru
 39237 | Orc:2    | Bought the ring of the Solstice {rPois rN+++ EV+4 Str+3
                  | Dex-3} for 1091 gold pieces
 39281 | Orc:2    | Paralysed by an orc sorcerer for 2 turns
 39286 | Orc:2    | Found Norhycw's Gadget Shoppe.
 39389 | Elf:1    | Entered Level 1 of the Elven Halls
 39422 | Elf:1    | Noticed a deep elf sorcerer
 39437 | Elf:1    | Killed a deep elf sorcerer
 39437 | Elf:1    | Reached skill level 10 in Evocations
 39502 | Elf:1    | Learned a level 1 spell: Apportation
 39542 | Elf:1    | Reached skill level 15 in Fighting
 39623 | Elf:1    | Got a wavering platinum ring
 39625 | Elf:1    | Identified the ring of Entrepreneurial Spirit {+Fly rC+
                  | rN+} (You found it on level 1 of the Elven Halls)
 39716 | Elf:1    | Reached XP level 16. HP: 139/149 MP: 25/25
 40188 | Elf:1    | Found a shimmering blue altar of Sif Muna.
 40232 | Elf:1    | Received a gift from Okawaru
 40232 | Elf:1    | Reached skill level 1 in Axes
 40233 | Elf:1    | Found the +8 storm bow {elec, penet}
 41641 | Elf:2    | Found Qushryo's Food Shop.
 41653 | Elf:2    | Bought a ration for 65 gold pieces
 41653 | Elf:2    | Bought a ration for 65 gold pieces
 41653 | Elf:2    | Bought a ration for 65 gold pieces
 41769 | Elf:2    | Received a gift from Okawaru
 42367 | Elf:2    | Received a gift from Okawaru
 42394 | Elf:2    | Found a runed translucent gate.
 42417 | Elf:2    | Found a runed translucent gate.
 42418 | Elf:2    | Found a runed translucent gate.
 42495 | Elf:2    | Found a shimmering blue altar of Sif Muna.
 42594 | Elf:2    | Received a gift from Okawaru
 42668 | Elf:2    | Reached skill level 19 in Bows
 43291 | Elf:2    | Received a gift from Okawaru
 43478 | Elf:2    | Received a gift from Okawaru
 43627 | Elf:3    | Entered Level 3 of the Elven Halls
 43913 | Elf:3    | Received a gift from Okawaru
 43943 | Elf:3    | Noticed a deep elf master archer
 43955 | Elf:3    | Killed a deep elf master archer
 43955 | Elf:3    | Received a gift from Okawaru
 44209 | Elf:3    | Noticed a deep elf master archer
 44216 | Elf:3    | Killed a deep elf master archer
 44216 | Elf:3    | Reached skill level 5 in Armour
 44708 | Elf:3    | Reached XP level 17. HP: 110/158 MP: 26/26
 45627 | Swamp:1  | Entered Level 1 of the Swamp
 45661 | Swamp:1  | Reached skill level 20 in Bows
 45881 | Swamp:1  | Got a vibrating wooden ring
 45883 | Swamp:1  | Identified the ring of Sin {rPois rC- rN+++ MR+ Int+3} (You
                  | found it on level 1 of the Swamp)
 47128 | Swamp:2  | Received a gift from Okawaru
 48542 | Swamp:3  | Reached skill level 1 in Spellcasting
 48686 | Swamp:3  | Noticed Kirke
 48692 | Swamp:3  | Killed Kirke
 49062 | Swamp:4  | Entered Level 4 of the Swamp
 49716 | Swamp:4  | Received a gift from Okawaru
 49722 | Swamp:4  | Reached skill level 1 in Translocations
 49732 | Swamp:4  | Received a gift from Okawaru
 49775 | Swamp:4  | Noticed the 27-headed Lernaean hydra
 50052 | Swamp:4  | Slain by the 27-headed Lernaean hydra

Illustrated notes

Levels and vault maps discovered:
D:1:      elethiomel_arrival_maze, layout_basic, minmay_tall_x
D:2:      cheibrodos_old_hovel, layout_loops_ring, minmay_misc_feat_x,
          nicolae_gozag_zags_fifth_avenue, uniq_natasha, uniq_crazy_yiuf_cottage
D:3:      layout_basic
D:4:      layout_basic, minmay_temple_entry_enclosed_plants, first_ration,
          nemelex_dance_club_becter
D:5:      layout_rooms, grunt_ministairs_7, lemuel_tele_altar, uniq_ijyb,
          uniq_edmund, uniq_eustachio
D:6:      layout_cave_pools, nrook_mini_vaults
D:7:      layout_loops_cross, minmay_misc_feat_doors
D:8:      layout_basic, nicolae_dithmenos_the_darkroom, david_lair_generic
D:9:      layout_layer_cave
D:10:     layout_big_octagon, serial_shops, shop, shop, shop
D:11:     layout_loops_ring, gauntlet_entry_generic
D:12:     layout_cave_pods, orc_0_dummy
D:13:     layout_loops_ring, david_vaults_1, grunt_tengu_nest
D:14:     layout_irregular_city, corexii_hall_statues_l, uniq_frances
D:15:     hangedman_depths_entry_try_elsewhere_first, layout_loops_corners,
          fedhas_altar_4, trog_wizard
Temple:   regret_index_temple_sigil_plot
Lair:1:   layout_small_grid, infiniplex_staircase_pool_2
Lair:2:   layout_layer_cave, nicolae_swamp_entry_splash_gauntlet, special_room
          [special_room_bee], grunt_forest_stairs_basic, serial_bayou_pond_e
Lair:3:   layout_regular_city, minmay_snake_entry_guardpost_medium,
          grunt_megastairs_1, minmay_lair_oklob_chamber
Lair:4:   layout_small_grid, kilobyte_rumbling_trees
Lair:5:   layout_regular_city, chequers_serial_rivers_marsh, zaba_antful_of_joy,
          infiniplex_staircase_pool, grunt_megastairs_3, serial_bayou_shore_a
Lair:6:   hangedman_lair_caniforms_friends, layout_layer_cave,
          guppyfry_lair_end_dragon, slime_altar_2, minivault_11, st_stairs_6,
          wad_woods_river_01
Swamp:1:  layout_falls_marsh, evilmike_swamp_ruin_house_3, swamp_pool2
Swamp:2:  layout_basic_swamp, evilmike_swamp_ruin_house_1, swamp_pool5
Swamp:3:  layout_basic_swamp, evilmike_swamp_ruin_rubble_1, uniq_kirke
Swamp:4:  swamp_old_school, layout_basic_swamp, swamp_pool3
Orc:1:    layout_caves
Orc:2:    st_orc_town, layout_caves, basic_altar
Elf:1:    minmay_elf_arrival_plus, layout_onion_city, basic_altar,
          kennysheep_underground_church
Elf:2:    layout_geoelf_octagon, serial_shops, nicolae_shop_statue_plus,
          basic_altar, due_unseen_surprise
Elf:3:    minmay_elf_hall_furrowed, layout_loops_cross, serial_shops,
          shop_statue, minmay_shoptagon, uniq_donald

Skill      XL: |  1  2  3  4  5  6  7  8  9 10 11 12 13 14 15 16 17 |
---------------+----------------------------------------------------+-----
Bows           | 6 7 9 10 12 13 14 15 16 17 18 19 20 | 20.0
Short Blades   | 1 2 3 |  3.3
Throwing       | 1 2 3 |  3.4
Armour         | 1 2 3 4 5 6 |  6.0
Dodging        | 2 3 4 6 7 8 |  8.4
Fighting       | 3 4 5 7 8 10 11 12 13 15 17 | 17.0
Invocations    | 1 3 4 6 7 9 10 11 12 13 | 13.5
Evocations     | 1 3 5 6 8 9 10 | 10.9
Long Blades    | 1 |  1.4
Axes           | 3 4 |  4.8
Spellcasting   | 1 |  1.8
Translocations | 1 |  1.2
Polearms       | |  0.3
Crossbows      | |  0.7
Stealth        | |  0.4

Action                   |  1- 3 |  4- 6 |  7- 9 | 10-12 | 13-15 | 16-18 || total
-------------------------+-------+-------+-------+-------+-------+-------++-------
Melee: Short sword       |    83 |   119 |    83 |       |    16 |       ||   301
       Kick              |    14 |    33 |    15 |    11 |    15 |       ||    88
       Long sword        |       |       |       |     8 |       |       ||     8
       Spear             |       |       |       |    13 |       |       ||    13
       War axe           |       |       |       |       |    32 |       ||    32
 Fire: Shortbow          |    24 |    88 |   397 |  1047 |  2180 |    56 ||  3792
       Arbalest          |       |       |       |     2 |       |       ||     2
       Longbow           |       |       |       |       |       |   767 ||   767
Throw: Stone             |    41 |    39 |    47 |       |     1 |       ||   128
       Dart              |       |       |       |     6 |     8 |       ||    14
       Throwing net      |       |       |       |     1 |       |       ||     1
Invok: Heroism           |       |       |     6 |    23 |    23 |    15 ||    67
       Finesse           |       |       |       |    13 |    15 |     7 ||    35
 Abil: Evoke Invisibilit |       |       |       |     1 |     2 |     2 ||     5
Evoke: Wand              |       |       |       |     1 |     3 |       ||     4
  Use: Scroll            |       |       |    20 |    16 |    17 |     7 ||    60
       Potion            |       |       |     2 |     2 |     4 |     4 ||    12
 Stab: Held in net/web   |       |       |       |     1 |       |       ||     1
  Eat: Chunk             |     1 |     7 |     5 |    10 |    26 |     9 ||    58
       Ration            |       |     1 |     3 |     4 |     6 |     6 ||    20
Armor: Leather armour    |    44 |    63 |     8 |       |       |       ||   115
       Scale mail        |       |       |    32 |       |       |       ||    32
       Skin              |       |       |    39 |       |       |       ||    39
       Ring mail         |       |       |    39 |   125 |   317 |   134 ||   615
Dodge: Dodged            |    35 |    53 |    47 |    95 |   221 |   116 ||   567
